 Dungeon Crawl Stone Soup version bcrawl-1.25 (webtiles) character file.

Game seed: 11725856088775398514

70081 Freyura the Brawler (level 14, -4/148 HPs)
             Began as a Troll Fighter on June 28, 2020.
             Was a High Priest of the Shining One.
             Slain by Jorgrun
             ... wielding a +0 quarterstaff of crushing
              (13 damage)
             ... on level 12 of the Dungeon on July 1, 2020.
             The game lasted 00:56:32 (15196 turns).

Freyura the Brawler (Troll Fighter)                Turns: 15196, Time: 00:56:32

Health: -4/148     AC: 15    Str: 27    XL:     14   Next: 92%
Magic:  19/21      EV: 11    Int:  5    God:    the Shining One [*****.]
Gold:   1590       SH: 10    Dex: 13    Spells: 13/13 levels left

rFire    + . .     SeeInvis .     - Claws (46.1)
rCold    . . .     Gourm    +   (no shield)
rNeg     + + .     Faith    .   (armour unavailable)
rPois    .         Spirit   .   y - +2 hat
rElec    .         Reflect  .   b - +2 cloak
rCorr    .         Harm     .   (gloves unavailable)
MR       ++...     Rnd*Rage +   (boots unavailable)
Stlth    +.........             u - amulet of the acrobat
HPRegen  1.14/turn              C - ring of protection from magic
MPRegen  0.17/turn              (no ring)

@: divine shield, glowing, lightly drained
A: large, almost no armour, unfitting armour, claws 3, talons 1, berserk 1, fire
resistance 1, fast metabolism 3, gourmand, sense surroundings 1, regeneration 2,
AC +10
a: Divine Shield, Cleansing Flame, Summon Divine Warrior, Renounce Religion


You were on level 12 of the Dungeon.
You worshipped the Shining One.
The Shining One was extremely pleased with you.
You were very full.

You visited 3 branches of the dungeon, and saw 19 of its levels.

You collected 1590 gold pieces.

Inventory:

Hand Weapons
 B - a +4 scimitar of flaming
Armour
 a - a +0 medium shield
 b - a +2 cloak (worn)
 y - a +2 hat (worn)
 G - a scarf of stasis
Jewellery
 u - an amulet of the acrobat (around neck)
 C - a ring of protection from magic (left claw)
 E - a cursed ring of ice
Wands
 r - a wand of digging (15)
 s - a wand of acid (9)
 v - a wand of iceblast (24)
 w - a wand of paralysis (13)
 A - a wand of flame (14)
 F - a wand of disintegration (11)
 H - a wand of polymorph (11)
Scrolls
 d - 2 scrolls of identify
 h - 4 scrolls of enchant weapon
 i - 3 scrolls of teleportation
 j - 5 scrolls of blinking
 m - 2 scrolls of fear
 n - 9 scrolls of magic mapping
 p - 7 scrolls of remove curse
 q - 5 scrolls of enchant armour
 D - 2 scrolls of brand weapon
 I - a scroll of fog
Potions
 c - 2 potions of berserk rage
 f - a potion of haste
 g - 3 potions of flight
 k - 7 potions of heal wounds
 l - 3 potions of magic
 o - 7 potions of curing
 t - a potion of lignification
 z - a potion of brilliance
Miscellaneous
 x - a lamp of fire
Comestibles
 e - 43 rations {!d}


   Skills:
 + Level 11.8(11.3) Fighting
 + Level 3.7(3.3) Dodging
 - Level 2.0(1.6) Shields
 * Level 18.2(17.6) Unarmed Combat
 + Level 11.9(11.4) Invocations


You had 13 spell levels left.
You didn't know any spells.
Your spell library contained the following spells:

 Spells                   Type           Power        Failure   Level  Hunger
 Apportation              Tloc           #.....       47%         1    ##.....
 Flame Tongue             Conj/Fire      #....        47%         1    ##.....
 Infusion                 Chrm           #.......     47%         1    ##.....
 Magic Dart               Conj           #...         47%         1    ##.....
 Sandblast                Erth           #.....       47%         1    ##.....
 Shock                    Conj/Air       #....        47%         1    ##.....
 Slow                     Hex            #.......     47%         1    ##.....
 Sting                    Conj/Pois      #...         47%         1    ##.....
 Summon Butterflies       Summ           #.......     47%         1    ##.....
 Blink                    Tloc           N/A          63%         2    ###....
 Call Imp                 Summ           #.....       63%         2    ###....
 Flaming Arrows           Chrm/Fire      #.......     63%         2    ###....
 Poisonous Vapours        Pois/Air       #.....       63%         2    ###....
 Swiftness                Chrm/Air       #.......     63%         2    ###....
 Beckoning                Tloc           #.........   85%         3    ####...
 Conjure Flame            Conj/Fire      #.......     85%         3    ####...
 Ignite Poison            Fire/Tmut/Pois #.......     85%         3    ####...
 Inner Flame              Hex/Fire       N/A          85%         3    ####...
 Mephitic Cloud           Conj/Pois/Air  #.......     85%         3    ####...
 Spider Form              Tmut/Pois      #..          85%         3    ####...
 Static Discharge         Air            #.......     85%         3    ####...
 Stone Arrow              Conj/Erth      #.....       85%         3    ####...
 Tukima's Dance           Hex            #.......     85%         3    ####...
 Airstrike                Air            #.........   99%         4    #####..
 Olgreb's Toxic Radiance  Pois           #........    99%         4    #####..
 Sticky Flame             Conj/Fire      #.......     99%         4    #####..
 Summon Scorpions         Summ/Pois      #.......     99%         4    #####..
 Tree Form                Hex/Tmut       N/A          99%         4    #####..
 Fireball                 Conj/Fire      #.........   100%        5    ######.
 Iskenderun's Battlesphe  Conj/Chrm      #.......     100%        5    ######.
 Lightning Bolt           Conj/Air       #.........   100%        5    ######.
 Venom Bolt               Conj/Pois      #.........   100%        5    ######.
 Invisibility             Hex            #.......     100%        6    #######
 Iron Shot                Conj/Erth      #.........   100%        6    #######
 Poison Arrow             Conj/Pois      #.........   100%        6    #######
 Orb of Destruction       Conj           #.........   100%        7    #######
 Spellforged Servitor     Conj/Summ      #.........   100%        7    #######


Dungeon Overview and Level Annotations

Branches:
Dungeon (12/12)            Temple (1/1) D:4            Lair (6/6) D:8
  Swamp (0/3) Lair:2       Spider (0/3) Lair:3        Slime (0/5) Lair:6
    Orc (0/1) D:10         Vaults (0/3) D:12         Depths (0/5) D:12

Altars:
Ashenzari
Cheibriados
Dithmenos
Elyvilon
Fedhas
Gozag
Hepliaklqana
Kikubaaqudgha
Lugonu
Makhleb
Nemelex Xobeh
Okawaru
Qazlal
Ru
Sif Muna
Trog
Uskayaw
Vehumet
Wu Jian
Xom
Yredelemnul
Zin
The Shining One
Jiyva

Shops:
D:7 *   D:10 [   D:11 %!

Annotations:
D:12 Jorgrun
Lair:3 1 runed translucent door, Morbidden's ghost, journeyman DrTm
Lair:6 3 runed translucent doors, Mrkan's ghost, journeyman MiFi


Innate Abilities, Weirdness & Mutations

You cannot wear most types of armour.
Your thick skin is tough. (AC +10)
You are too large for most types of armour.
You have claws for hands.
Your metabolism is lightning-fast.
You like to eat raw meat.
You heal very quickly.
You have sharp toenails.
You tend to lose your temper in combat.
Your flesh is heat resistant. (rF+)
You passively map a small area around you.


Message History

* * * LOW HITPOINT WARNING * * *
Ssssck.
* * * LOW HITPOINT WARNING * * *
The ogre mage barely misses you.
You mangle Jorgrun!!
Jorgrun is moderately wounded.
You block the orc knight's attack. The earth elemental hits you!!
* * * LOW HITPOINT WARNING * * *
You mangle Jorgrun!! You claw Jorgrun. Your claw misses Jorgrun.
Jorgrun is heavily wounded.
Jorgrun casts a spell at you.
Some walls begin to move on their own!
The ogre mage hits you but does no damage.
The earth elemental hits you.
* * * LOW HITPOINT WARNING * * *
You scratch Jorgrun. You claw Jorgrun.
Jorgrun is heavily wounded.
You block the orc knight's attack.
Jorgrun hits you with a +0 quarterstaff of crushing!
You die...

##..##########.#
.#..#....∩* #.#
.#..#...., #.#
.#..#...p, #.# .'..#...
,* #.# .'..#..., #.#
##..#''#######E####
............C#OEE.#####
............KEpg@E....#
'#..#''####.###oE.###.#
.#..#.....### ##### #.#
.#..#.....# #.#
.#..#.[...# #.#
.#..#.....# #.#
.#..#....$# #.# ##
.####### #.# ##,.#.#
#.# #.#


You could see Jorgrun, an ironheart preserver, an orc knight, an ogre mage, a
cyclops, 6 earth elementals and a big kobold.

Vanquished Creatures
  Gastronok (Lair:1)
  Rupert (Lair:5)
  Kirke (Lair:4)
  6 dire elephants (Lair:6)
  Azrael (D:12)
  Josephine (D:11)
  Urug (Lair:4)
  5 hydras
  Fannar (Lair:3)
  An anaconda (Lair:6)
  3 centaur warriors
  4 two-headed ogres
  A catoblepas (D:12)
  A queen ant (Lair:5)
  Nergalle (Lair:4)
  An unseen horror (D:9)
  Pikel (D:5)
  A wolf spider zombie (D:11)
  2 cyclopes
  An oklob plant (Lair:6)
  2 manticores
  A faun (Lair:6)
  3 black mambas (Lair:6)
  12 elephants
  9 cane toads
  6 centaur skeletons
  A gargoyle (D:10)
  A torpor snail (Lair:6)
  8 komodo dragons
  A yaktaur (D:10)
  An efreet (D:10)
  A rime drake (Lair:4)
  3 jumping spiders (Lair:3)
  A tengu conjurer (D:10)
  6 trolls
  A polar bear (Lair:4)
  8 blink frogs (Lair:5)
  7 dream sheep
  9 hippogriffs
  A shadow (D:10)
  5 redbacks (Lair:3)
  Sigmund (D:3)
  2 vampires
  29 yaks
  5 wraiths
  A wyvern (Lair:4)
  3 fire elementals (D:12)
  A hog (Lair:4)
  Menkaure (D:6)
  6 basilisks
  3 hungry ghosts
  Edmund (D:5)
  14 crocodiles
  5 soldier ants (Lair:5)
  An acid dragon (D:12)
  6 water moccasins
  Duvessa (D:5)
  3 hell hounds (D:12)
  10 porcupines
  8 orc warriors
  6 sky beasts
  4 ice beasts
  A necrophage (D:12)
  5 ogres
  27 wolves
  13 centaurs
  3 big kobolds (D:9)
  8 bullfrogs
  Blork the orc (D:6)
  A gnoll sergeant (D:10)
  Dowan (D:5)
  3 scorpions
  A water moccasin zombie (D:7)
  8 killer bees (D:8)
  3 wights (D:12)
  4 electric eels
  6 howler monkeys
  5 crimson imps
  3 jellies
  5 hounds
  6 orc priests
  Crazy Yiuf (D:5)
  Terence (D:2)
  20 orc wizards
  An iguana (D:4)
  15 worker ants
  A hound skeleton (D:8)
  3 gnolls (D:10)
  9 adders
  3 shadow imps
  3 oozes
  An adder zombie (D:7)
  2 adder skeletons
  7 worms
  2 dart slugs
  3 leopard geckos
  54 orcs
  4 giant cockroaches
  4 goblins (D:1)
  3 hobgoblins
  7 jackals
  5 kobolds
  A quokka (D:6)
  A ball python (D:1)
  5 bats
  5 frilled lizards
  A quokka skeleton (D:4)
  6 rats
  A butterfly (Lair:1)
  4 plants (Lair:6)
510 creatures vanquished.

Vanquished Creatures (others)
  A slave (D:5)
  An orc (D:5)
  8 fungi
  29 plants
39 creatures vanquished.

Grand Total: 549 creatures vanquished

Notes
Turn   | Place    | Note
-------+----------+-------------------------------------------
     0 | D:1      | Freyura the Troll Fighter began the quest for the Orb.
     0 | D:1      | Reached XP level 1. HP: 22/22 MP: 0/0
   309 | D:1      | Reached XP level 2. HP: 28/29 MP: 1/1
   483 | D:1      | Reached skill level 3 in Unarmed Combat
   798 | D:2      | Reached XP level 3. HP: 36/36 MP: 2/2
  1019 | D:2      | Noticed Terence
  1029 | D:2      | Killed Terence
  1029 | D:2      | Gained mutation: Your natural rate of healing is unusually
                  | fast. [Troll growth]
  1029 | D:2      | Reached XP level 4. HP: 25/45 MP: 3/3
  1434 | D:3      | Gained mutation: Your mind is acute. (Int +2) [potion of
                  | mutation]
  1434 | D:3      | Gained mutation: You expend magic power (3 MP) to
                  | strengthen your wands. [potion of mutation]
  1463 | D:3      | Reached skill level 4 in Unarmed Combat
  1611 | D:3      | Noticed Sigmund
  1618 | D:3      | Killed Sigmund
  1618 | D:3      | Reached skill level 5 in Unarmed Combat
  1618 | D:3      | Reached XP level 5. HP: 50/54 MP: 4/4
  1710 | D:3      | Noticed an ogre
  1715 | D:3      | Killed an ogre
  1715 | D:3      | Reached XP level 6. HP: 53/62 MP: 5/5
  2025 | D:3      | Found a shimmering blue altar of Sif Muna.
  2079 | D:4      | Found a shadowy altar of Dithmenos.
  2084 | D:4      | Reached skill level 6 in Unarmed Combat
  2088 | D:4      | Noticed a sky beast
  2098 | D:4      | Killed a sky beast
  2098 | D:4      | Reached XP level 7. HP: 64/70 MP: 6/6
  2122 | D:4      | Found a staircase to the Ecumenical Temple.
  2136 | Temple   | Entered the Ecumenical Temple
  2285 | Temple   | Became a worshipper of the Shining One
  2642 | D:4      | Reached skill level 7 in Unarmed Combat
  2903 | D:5      | Entered Level 5 of the Dungeon
  2952 | D:5      | Noticed Pikel
  2966 | D:5      | Killed Pikel
  2966 | D:5      | Reached skill level 5 in Fighting
  2966 | D:5      | Reached skill level 8 in Unarmed Combat
  2966 | D:5      | Reached XP level 8. HP: 35/81 MP: 7/7
  3033 | D:5      | Noticed Edmund
  3038 | D:5      | Killed Edmund
  3182 | D:5      | Noticed Dowan
  3183 | D:5      | Noticed Duvessa
  3193 | D:5      | Killed Duvessa
  3193 | D:5      | Reached skill level 9 in Unarmed Combat
  3201 | D:5      | Killed Dowan
  3463 | D:5      | Found a runed door.
  3467 | D:5      | Noticed Crazy Yiuf
  3470 | D:5      | Killed Crazy Yiuf
  3656 | D:6      | Noticed Menkaure
  3667 | D:6      | Killed Menkaure
  3897 | D:6      | Identified Xielat's Compendium of Shape Shifting and Battle
                  | Magic
  3956 | D:6      | Reached XP level 9. HP: 40/89 MP: 8/8
  4209 | D:6      | Noticed Blork the orc
  4214 | D:6      | Killed Blork the orc
  4214 | D:6      | Reached skill level 10 in Unarmed Combat
  4307 | D:6      | Reached skill level 1 in Invocations
  4580 | D:7      | Found a bloodstained altar of Trog.
  4580 | D:7      | Found a shattered altar of Ashenzari.
  4671 | D:7      | Noticed a two-headed ogre
  4671 | D:7      | Reached * piety under the Shining One
  4680 | D:7      | Killed a two-headed ogre
  4761 | D:7      | Reached skill level 11 in Unarmed Combat
  4850 | D:7      | Found Izelis's Assorted Antiques.
  5317 | D:8      | Reached XP level 10. HP: 102/102 MP: 11/11
  5351 | D:8      | Noticed a cyclops
  5367 | D:8      | Killed a cyclops
  5541 | D:8      | Reached skill level 12 in Unarmed Combat
  5555 | D:8      | Reached ** piety under the Shining One
  5562 | D:8      | Reached skill level 5 in Invocations
  5577 | D:8      | Found a staircase to the Lair.
  5597 | Lair:1   | Entered Level 1 of the Lair of Beasts
  5610 | Lair:1   | HP: 3/104 [yak (8)]
  5615 | Lair:1   | HP: 5/104 [poisoned by a scorpion]
  5878 | Lair:1   | Lost mutation: You expend magic power (3 MP) to strengthen
                  | your wands. [potion of mutation]
  5878 | Lair:1   | Lost mutation: Your mind is acute. (Int +2) [potion of
                  | mutation]
  5878 | Lair:1   | Gained mutation: You tend to lose your temper in combat.
                  | [potion of mutation]
  5878 | Lair:1   | Gained mutation: You have sharp toenails. [potion of
                  | mutation]
  5878 | Lair:1   | Gained mutation: Your flesh is heat resistant. (rF+)
                  | [potion of mutation]
  5878 | Lair:1   | Gained mutation: You passively map a small area around you.
                  | [potion of mutation]
  6099 | Lair:1   | Reached XP level 11. HP: 111/111 MP: 14/14
  6333 | Lair:1   | Noticed Gastronok
  6344 | Lair:1   | Killed Gastronok
  6344 | Lair:1   | Reached skill level 13 in Unarmed Combat
  7105 | D:9      | Noticed a two-headed ogre
  7132 | D:9      | Killed a two-headed ogre
  7196 | D:9      | Noticed an unseen horror
  7201 | D:9      | Killed an unseen horror
  7354 | D:9      | Reached skill level 14 in Unarmed Combat
  7544 | D:9      | Reached *** piety under the Shining One
  7701 | D:9      | Noticed a two-headed hydra
  7710 | D:9      | Killed an eight-headed hydra
  7710 | D:9      | Gained mutation: You heal very quickly. [Troll growth]
  7710 | D:9      | Reached XP level 12. HP: 22/123 MP: 16/16
  7995 | D:10     | Entered Level 10 of the Dungeon
  8054 | D:10     | Found a staircase to the Orcish Mines.
  8248 | D:10     | Noticed an eight-headed hydra
  8257 | D:10     | Killed a five-headed hydra
  8257 | D:10     | Reached skill level 15 in Unarmed Combat
  8468 | D:10     | Found Seq Upsi's Armour Shoppe.
  8857 | Lair:2   | Found a staircase to the Swamp.
  9504 | Lair:3   | Found a runed translucent door.
  9605 | Lair:3   | Reached skill level 10 in Fighting
  9782 | Lair:3   | Reached **** piety under the Shining One
  9845 | Lair:3   | Found a hole to the Spider Nest.
  9862 | Lair:3   | Noticed Fannar
  9868 | Lair:3   | Killed Fannar
 10195 | Lair:3   | Identified the cursed +1 trident of the World {freeze,
                  | *Slow Str+3 Int+4}
 10196 | Lair:3   | Noticed Morbidden's ghost (journeyman DrTm)
 10196 | Lair:3   | Identified the ring of the Firefly {Wiz Slay+2}
 10244 | Lair:4   | Reached XP level 13. HP: 128/133 MP: 19/19
 10248 | Lair:4   | Got a flickering bronze ring
 10249 | Lair:4   | Identified the ring "Joimpy" {Fire *Corrode rElec MP+9}
                  | (You found it on level 4 of the Lair of Beasts)
 10257 | Lair:4   | Noticed Urug
 10259 | Lair:4   | Noticed Nergalle
 10261 | Lair:4   | Killed Urug
 10279 | Lair:4   | Killed Nergalle
 10369 | Lair:4   | Noticed Kirke
 10379 | Lair:4   | Killed Kirke
 10379 | Lair:4   | Reached skill level 16 in Unarmed Combat
 10837 | Lair:5   | Reached skill level 10 in Invocations
 10839 | Lair:5   | Found a radiant altar of Vehumet.
 11220 | Lair:5   | Noticed Rupert
 11235 | Lair:5   | Killed Rupert
 11685 | Lair:6   | Entered Level 6 of the Lair of Beasts
 11779 | Lair:6   | Reached ***** piety under the Shining One
 11880 | Lair:6   | Reached skill level 17 in Unarmed Combat
 11912 | Lair:6   | Reached XP level 14. HP: 38/146 MP: 21/21
 12180 | Lair:6   | Found a viscous altar of Jiyva.
 12180 | Lair:6   | Found a staircase to the Slime Pits.
 12260 | Lair:6   | Found a runed translucent gate.
 12261 | Lair:6   | Found a runed translucent gate.
 12272 | Lair:6   | Noticed Mrkan's ghost (journeyman MiFi)
 12273 | Lair:6   | Found a runed translucent gate.
 12274 | Lair:6   | Found a viscous altar of Jiyva.
 13521 | D:11     | Noticed Josephine
 13537 | D:11     | Killed Josephine
 13796 | D:11     | Found Otirropn's Food Boutique.
 14026 | D:11     | Found Zouz's Distillery.
 14274 | D:12     | Entered Level 12 of the Dungeon
 14323 | D:12     | Reached skill level 18 in Unarmed Combat
 14666 | D:12     | Noticed Azrael
 14678 | D:12     | Killed Azrael
 15171 | D:12     | Noticed Jorgrun
 15171 | D:12     | Noticed an ironheart preserver
 15172 | D:12     | Found a gate to the Vaults.
 15196 | D:12     | Slain by Jorgrun

Skill      XL: |  1  2  3  4  5  6  7  8  9 10 11 12 13 14 |
---------------+-------------------------------------------+-----
Unarmed Combat | 3 5 6 8 9 11 12 14 15 17 18 | 18.2
Fighting       | 3 4 5 6 7 8 9 10 11 | 11.8
Invocations    | 3 5 7 9 10 11 | 11.9
Dodging        | 3 |  3.7
Shields        | |  2.0

Action                   |  1- 3 |  4- 6 |  7- 9 | 10-12 | 13-15 || total
-------------------------+-------+-------+-------+-------+-------++-------
Melee: Unarmed           |   110 |    79 |   205 |   398 |   486 ||  1278
       Punch             |       |     2 |     4 |    32 |    63 ||   101
       Kick              |       |       |       |    89 |   204 ||   293
       Scimitar          |       |       |       |     6 |    13 ||    19
Invok: Divine Shield     |       |       |       |       |     2 ||     2
  Use: Scroll            |       |     5 |     8 |     8 |     7 ||    28
       Potion            |       |     3 |       |     1 |     2 ||     6
  Eat: Chunk             |    12 |     6 |    19 |    34 |    32 ||   103
Armor: Skin              |    32 |    23 |    39 |   175 |   246 ||   515
Dodge: Dodged            |    24 |    33 |    83 |   217 |   341 ||   698
Block: Medium shield     |    38 |       |       |       |       ||    38
       Other             |       |       |       |       |    11 ||    11
